AoeStats
← boringstorm

Arena

510139906Analyzed
1v1 RM · 18h ago on Sep 29, 2026· 27m 40s· 2 players
Game mode
Random Map
Map size
Tiny (2 player)
Population
200
Speed
Normal
Resources
Standard
Victory
Conquest
Starting age
Dark Age
Ending age
Imperial Age
RankedLock teamsTeams togetherTeam positionsShared explorationLock speedFull tech treeHidden civsTurbo modeCheats
Victory
Defeat
🇺🇸 Hindustanis · United States
1044
+15
🇧🇷 Italians · Brazil
1033
-15
giluerj
11:20 Feudal Age
11:08 Loom
12:14 Double-Bit Axe
12:43 Horse Collar
15:38 Castle Age
26:39 Wheelbarrow
boringstorm
9:32 Loom
11:18 Feudal Age
12:48 Double-Bit Axe
15:34 Castle Age
14:44 Horse Collar
25:52 Imperial Age
24:53 Bow Saw
24:52 Heavy Plow
25:06 Scale Mail Armor
28:55 Wheelbarrow
Connection lost

Rejoining the realm…

Still unreachable

The connection could not be restored.

Session expired

The server has moved on; the page needs a fresh start.